 Dungeon Crawl Stone Soup version 0.27.1-3-gb3d3a73c9e (webtiles) character file.

Game seed: 5780009221120823404

70 vatarom the Firebug (level 4, -4/32 HPs)
             Began as a Demonspawn Fire Elementalist on Oct 8, 2021.
             Slain by a gnoll (5 damage)
             ... on level 2 of the Dungeon.
             The game lasted 00:07:06 (2174 turns).

vatarom the Firebug (Demonspawn Fire Elementalist)  Turns: 2174, Time: 00:07:06

Health: -4/32      AC:  4    Str: 14    XL:     4   Next: 4%
Magic:  3/7        EV: 12    Int: 18    God:
Gold:   74         SH:  0    Dex: 13    Spells: 7/8 levels left

rFire    . . .     SeeInvis .   d - +0 long sword
rCold    . . .     Faith    .   (no shield)
rNeg     . . .     Spirit   .   a - +0 robe
rPois    .         Reflect  .   (no helmet)
rElec    .         Harm     .   (no cloak)
rCorr    .         Rampage  .   (no gloves)
Will     .....                  (no boots)
Stlth    ++........             (no amulet)
HPRegen  0.10/turn              c - +6 ring of strength
MPRegen  0.10/turn              (no ring)

@: lethally poisoned (-4 -> -6)
A: yellow scales 1, ignite blood 1
a: no special abilities


You were on level 2 of the Dungeon.
You visited 1 branch of the dungeon, and saw 2 of its levels.

You collected 74 gold pieces.

Inventory:

Hand Weapons
 d - a +0 long sword (weapon)
 h - a +3 hunting sling
Missiles
 f - 4 silver boomerangs
Armour
 a - a +0 robe (worn)
Jewellery
 c - a +6 ring of strength (left hand)
Scrolls
 b - 2 scrolls of acquirement {unknown}
 e - a scroll of identify {unknown}
 g - a scroll of amnesia {unknown}
 i - a scroll of fog {unknown}


   Skills:
 + Level 1.3 Fighting
 - Level 1.7 Dodging
 - Level 1.7 Stealth
 + Level 2.5 Spellcasting
 + Level 1.9 Conjurations
 * Level 3.5 Fire Magic


You had 7 spell levels left.
You knew the following spells:

 Your Spells              Type           Power      Damage    Failure   Level
a - Foxfire               Conj/Fire      48%        2x1d6     5%          1

Your spell library contained the following spells:

 Spells                   Type           Power      Damage    Failure   Level
 Corona                   Hex            2%         N/A       17%         1
 Conjure Flame            Conj/Fire      12%        6-21      17%         3
 Ensorcelled Hibernation  Hex/Ice        4%         N/A       26%         2
 Inner Flame              Hex/Fire       8%         N/A       26%         3
 Tukima's Dance           Hex            2%         N/A       45%         3
 Sticky Flame             Conj/Fire      12%        2d4       50%         4
 Fireball                 Conj/Fire      6%         3d5       83%         5


Dungeon Overview and Level Annotations

Branches:
Dungeon (2/15)

Altars:
Uskayaw


Innate Abilities, Weirdness & Mutations

You are partially covered in yellow scales. (AC +2)
Your demonic aura sometimes causes spilled blood to erupt in flames.


Message History

The helpless rat fails to defend itself.
You hit the rat.
You kill the rat!
You see here a rat corpse.
There is a stone staircase leading up here.
Casting: Foxfire (safe; 5% risk of failure)
Confirm with . or Enter, or press ? or * to list all spells.
You conjure some foxfire!
The gnoll throws a poisoned dart.
The poisoned dart hits you!
You are poisoned.
Casting: Foxfire (safe; 5% risk of failure)
Confirm with . or Enter, or press ? or * to list all spells.
You conjure some foxfire!
You feel very sick.
The foxfire hits the gnoll.
The gnoll is lightly wounded.
The gnoll closely misses you.
Casting: Foxfire (safe; 5% risk of failure)
Confirm with . or Enter, or press ? or * to list all spells.
You conjure some foxfire!
You feel sick.
The foxfire hits the gnoll but does no damage.
The gnoll is lightly wounded.
The foxfire hits the gnoll.
The gnoll is moderately wounded.
The gnoll throws a poisoned dart.
The poisoned dart barely misses you.
Casting: Foxfire (safe; 5% risk of failure)
Confirm with . or Enter, or press ? or * to list all spells.
You conjure some foxfire!
You feel sick.
The foxfire hits the gnoll.
The gnoll is heavily wounded.
The gnoll hits you from afar with a +0 vorpal halberd.
Your foxfire dissipates!
You feel sick.
The foxfire hits the gnoll.
The gnoll is almost dead.
The gnoll hits you with a +0 vorpal halberd.
You closely miss the gnoll.
The gnoll is almost dead.
You feel sick.
The gnoll hits you with a +0 vorpal halberd!
* * * LOW HITPOINT WARNING * * *
You die...

#. #.#.####### #.######.#........
#...........#######..
#.#..#............... #.#
##.#####.#####.. #..## ##......#
##. #.#.###.####### #. #.#g.#.##
#. #############.#.@.## #.
..................# ###########.
####.########..#.#####........##.
#.# #..#...)...†#####.##> #.#
#..#######..# #.... #.# #..# #..#
##..#. #.# #..# #..# ##..... #.#
#..# #..# #...... #.# #..# #..#
##.....


You could see a gnoll.

Vanquished Creatures
  An adder (D:2)
  3 gnolls (D:2)
  A worm (D:2)
  A dart slug (D:2)
  4 ball pythons
  3 giant cockroaches (D:2)
  A goblin (D:2)
  2 hobgoblins (D:1)
  2 jackals (D:2)
  2 quokkas
  3 bats
  2 kobolds (D:2)
  A rat (D:2)
26 creatures vanquished.

Vanquished Creatures (others)
  57 foxfires
57 creatures vanquished.

Grand Total: 83 creatures vanquished

Notes
Turn   | Place    | Note
-------+----------+-------------------------------------------
     0 | D:1      | vatarom the Demonspawn Fire Elementalist began the quest
                  | for the Orb.
     0 | D:1      | Reached XP level 1. HP: 13/13 MP: 3/3
  1337 | D:2      | Reached skill level 3 in Fire Magic
  1337 | D:2      | Gained mutation: You are partially covered in yellow
                  | scales. (AC +2) [demonic ancestry]
  1337 | D:2      | Reached XP level 2. HP: 20/20 MP: 0/5
  1387 | D:2      | Found a hide-covered altar of Uskayaw.
  1755 | D:2      | Reached XP level 3. HP: 25/25 MP: 4/6
  1803 | D:2      | Reached skill level 1 in Fighting
  2054 | D:2      | Gained mutation: Your demonic aura sometimes causes spilled
                  | blood to erupt in flames. [demonic ancestry]
  2054 | D:2      | Reached XP level 4. HP: 32/32 MP: 7/7
  2174 | D:2      | HP: 1/32 [gnoll (15)]
  2174 | D:2      | Slain by a gnoll

Illustrated notes

Levels and vault maps discovered:
D:1:      tarquinn_simple_flora_water_f, layout_basic, minmay_misc_feat_five
D:2:      layout_loops_ring, basic_altar, hex_tiny

Skill      XL: |  1  2  3 |
---------------+----------+-----
Fire Magic     | 3 |  3.5
Fighting       | 1 |  1.3
Dodging        | |  1.7
Stealth        | |  1.7
Spellcasting   | |  2.5
Conjurations   | |  1.9

Action                   |  1- 3 |  4- 6 || total
-------------------------+-------+-------++-------
Melee: Unarmed           |     9 |       ||     9
       Long sword        |    25 |     4 ||    29
 Cast: Foxfire           |    47 |     4 ||    51
 Stab: Sleeping          |       |     1 ||     1
Armor: Robe              |    15 |     1 ||    16
Dodge: Dodged            |    43 |     2 ||    45
       Rpst.: Long sword |     3 |       ||     3
